 Dungeon Crawl Stone Soup version 0.16.1-18-g436b03c (webtiles) character file.

14 Leviathan2552 the Caller (level 2, -1/15 HPs)
             Began as a Tengu Summoner on May 2, 2015.
             Was an Initiate of Elyvilon (penitent).
             Slain by a giant newt (2 damage)
             ... on level 2 of the Dungeon.
             The game lasted 00:06:02 (1524 turns).

Leviathan2552 the Caller (Tengu Summoner)           Turns: 1524, Time: 00:06:02

Health: -1/15      AC:  2    Str:  8    XL:     2   Next: 45%
Magic:  3/5        EV: 12    Int: 15    God:    Elyvilon [*]
Gold:   109        SH:  0    Dex: 14    Spells: 2 memorised, 2 levels left

rFire  . . .     SeeInvis .     (no weapon)
rCold  . . .     Clarity  .     e - +0 robe (curse)
rNeg   . . .     SustAb   .     (no shield)
rPois  +         Gourm    .     (helmet restricted)
rElec  .         Spirit   .     (no cloak)
rCorr  .         Warding  .     (no gloves)
rMut   .         Stasis   .     (boots unavailable)
MR     .....                    (no amulet)
Stlth  ++........               (no ring)
                                f - ring of poison resistance

@: not resistant to hostile enchantments, unstealthy
A: beak, talons 3
a: Renounce Religion


You were on level 2 of the Dungeon.
You worshipped Elyvilon.
Elyvilon was demanding penance.
You were hungry.

You visited 1 branch of the dungeon, and saw 2 of its levels.

You collected 109 gold pieces.

Inventory:

Armour
 a - a +0 robe
 e - a cursed +0 robe (worn)
Jewellery
 f - a ring of poison resistance (left hand)
Scrolls
 d - 2 scrolls of teleportation {unknown}
 h - 2 scrolls of recharging {unknown}
 i - a scroll of identify {unknown}
 j - a scroll of magic mapping {unknown}
Books
 b - a book of Callings

   Spells                             Type                      Level
   a - Summon Small Mammal            Summoning                    1
   b - Call Imp                       Summoning                    2
   c - Call Canine Familiar           Summoning                    3
   d - Summon Guardian Golem          Hexes/Summoning              4
   e - Summon Lightning Spire         Summoning/Air                4
   f - Summon Ice Beast               Ice/Summoning                4
Comestibles
 c - a bread ration
 g - 4 chunks of flesh


   Skills:
 + Level 0.2 Fighting
 + Level 2.2 Dodging
 + Level 2.0 Stealth
 + Level 2.0 Spellcasting
 + Level 5.4 Summonings


You had 2 spell levels left.
You knew the following spells:

 Your Spells              Type           Power        Failure   Level  Hunger
a - Summon Small Mammal   Summ           ###.         2%          1    #......
b - Call Imp              Summ           ###.....     4%          2    ###....


Dungeon Overview and Level Annotations

Branches:
Dungeon (2/15)

Altars:
Elyvilon


Innate Abilities, Weirdness & Mutations

You have a beak for a mouth.
You have claws for feet.


Message History

w - Wait here. f - Follow me.
Anything else - Stay silent.
Gang up on whom?
Press: ? - help, Dir - move target cursor, f - giant newt
Aim: a giant newt Attack!
The giant newt bites you but does no damage.
You hit the shadow imp but do no damage.
Your peck misses the shadow imp.
The crimson imp summons a swarm of flies.
The giant newt bites you.
* * * LOW HITPOINT WARNING * * *
You barely miss the shadow imp.
You peck the shadow imp, but do no damage.
The shadow imp grinds its teeth.
The shadow imp barely misses you. The giant newt closely misses you.
You closely miss the shadow imp. The shadow imp hits you.
* * * LOW HITPOINT WARNING * * *
The giant newt bites you.
You die...

### ########### ##..
##5######.........# ... ##
#.#....##.#####.#####.##### ..
##.###.#........#.........#
##) #.# #.)...<....#.....# #.#
#.. #.#
###..####..#.....###.###.. #.#
##.#.###...#......##.#.... #.#
#.###.......5..._......##.
#.####.#.#..5@l#.##......####.
#.##...........#.###.....# #.
#.##.#####.##.##.# #.....# .r
#.##.# #.##.##.........# #.
#.##.# #.##.######.##### #.
###.##.# #.##.# ... #.
#...##.# #.##.# #.#. #.
#.####.# #..... .. . #.# #.#
...... # #


You could see a crimson imp, a shadow imp and a giant newt.

Vanquished Creatures
  2 bats (D:1)
  A giant cockroach (D:1)
  A hobgoblin (D:1)
  4 goblins (D:1)
  2 kobolds (D:1)
  2 rats (D:1)
12 creatures vanquished.

Vanquished Creatures (collateral kills)
  A hobgoblin (D:2)
  A quokka (D:2)
  2 goblins (D:1)
4 creatures vanquished.

Vanquished Creatures (others)
  A quokka (D:1)
1 creature vanquished.

Grand Total: 17 creatures vanquished

Notes
Turn   | Place    | Note
--------------------------------------------------------------
     0 | D:1      | Leviathan2552, the Tengu Summoner, began the quest for the Orb.
     0 | D:1      | Reached XP level 1. HP: 10/10 MP: 3/3
   101 | D:1      | Reached skill level 5 in Summonings
   364 | D:1      | Reached XP level 2. HP: 1/15 MP: 5/5
  1400 | D:2      | Learned a level 2 spell: Call Imp
  1479 | D:2      | Found a white marble altar of Elyvilon.
  1486 | D:2      | Became a worshipper of Elyvilon the Healer
  1520 | D:2      | Was placed under penance by Elyvilon
  1524 | D:2      | Slain by a giant newt

Action                   || total
-------------------------++-------
Melee: Unarmed           ||    77
 Cast: Summon Small Mamm ||     3
       Call Imp          ||     2
 Stab: Sleeping          ||     2
  Eat: Beef jerky        ||     1
